Map: [ESL] Post-Youth

Players

HeroMarine

  • Race: Terran Terran
  • Spawn Location: 7:00

Maru - Winner!

  • Race: Terran Terran
  • Spawn Location: 1:00

Event: ESL Spring 2024 Finals

VOD

Have the link to the VOD?

Description

Time

  • Played on: May 31, 2024, 1:19 p.m.
  • Length: 8:31

All games in this series

Show
View Real Time Build Order
Export as new Build Order

HeroMarine Terran 

Build Orders: Cyclone Opening 

Get SALT Encoding   

  12  0:00  SCV  
  13  0:12  SCV  
  14  0:17  Supply Depot  
  14  0:24  SCV  
  15  0:39  SCV  
  15  0:41  Barracks  
  16  0:44  Refinery  
  16  0:51  SCV  
  16  0:54  Refinery  
  17  1:03  SCV  
  18  1:15  SCV  
  19  1:27  Orbital Command  
  19  1:28  Reaper  
  20  1:34  Supply Depot  
  20  1:42  Factory  
  20  1:53  SCV  
  21  2:00  Reaper  
  22  2:05  SCV  
  23  2:18  Command Center  
  23  2:20  SCV  
  24  2:27  Cyclone  
  26  2:33  SCV  
  27  2:40  Starport  
  27  2:45  SCV, Barracks Reactor  
  28  2:52  Supply Depot  
  28  2:57  SCV  
  29  3:02  Cyclone  
  31  3:14  SCV  
  31  3:15  Medivac  
  34  3:21  Marine  
  34  3:22  Marine  
  34  3:26  SCV  
  37  3:29  Orbital Command  
  37  3:31  Refinery  
  37  3:35  Factory Tech Lab  
  37  3:38  SCV  
  37  3:40  Marine x2  
  40  3:48  Starport Tech Lab  
  40  3:50  SCV  
  41  3:56  Siege Tank  
  41  3:58  Marine x2  
  41  3:59  SCV  
  47  4:03  SCV  
  47  4:06  Supply Depot  
  47  4:09  Raven  
  50  4:14  SCV  
  50  4:15  SCV  
  52  4:18  Marine x2  
  51  4:26  SCV  
  51  4:27  SCV  
  49  4:36  Marine x2  
  49  4:37  Siege Tank  
  49  4:38  SCV  
  55  4:39  SCV  
  55  4:50  SCV  
  55  4:51  Supply Depot, SCV  
  57  4:54  Marine x2  
  57  4:56  Raven  
  61  5:02  SCV  
  62  5:10  Command Center  
  62  5:13  SCV  
  62  5:14  SCV, Marine x2  
  64  5:17  Siege Tank  
  69  5:23  Supply Depot  
  69  5:25  SCV  
  69  5:26  Interference Matrix  
  70  5:29  Refinery  
  70  5:30  SCV  
  70  5:45  Raven, SCV x2, Marine x2  
  76  5:57  SCV x2  
  76  6:00  Supply Depot  
  76  6:01  Barracks x2  
  78  6:07  Siege Tank  
  78  6:09  SCV x2  
  83  6:21  SCV x2  
  83  6:24  Orbital Command  
  85  6:27  Engineering Bay  
  85  6:29  Engineering Bay  
  85  6:33  SCV x2, Stimpack  
  85  6:37  Viking x2  
  85  6:38  Marine  
  92  6:41  Siege Tank  
  92  6:45  SCV x2  
  97  6:55  Barracks Reactor  
  97  6:56  Barracks Reactor  
  97  6:58  SCV x2  
  99  7:05  Marine  
  99  7:06  Orbital Command  
  94  7:10  SCV x2, Viking  
  94  7:13  Supply Depot, Siege Tank, Viking  
  94  7:14  Supply Depot x2  
  103  7:22  SCV x2  
  103  7:34  SCV x2  
  105  7:37  SCV  
  105  7:40  Viking  
  105  7:43  Viking  
  110  7:46  SCV x2  
  110  7:49  SCV  
  99  7:58  SCV x2  
  99  8:01  SCV  
  101  8:10  SCV x2  
  105  8:13  SCV  
Show
View Real Time Build Order
Export as new Build Order

Maru Terran - Winner!

Build Orders:  

Get SALT Encoding   

  12  0:00  SCV  
  13  0:12  SCV  
  14  0:17  Supply Depot  
  14  0:24  SCV  
  15  0:39  SCV  
  15  0:40  Barracks  
  16  0:44  Refinery  
  16  0:51  SCV  
  16  0:54  Refinery  
  17  1:03  SCV  
  18  1:15  SCV  
  19  1:28  Orbital Command, Reaper  
  20  1:33  Supply Depot  
  20  1:45  Factory  
  20  1:53  SCV  
  21  2:00  Reaper  
  22  2:05  SCV  
  23  2:17  SCV  
  24  2:24  Command Center  
  24  2:30  SCV  
  24  2:35  Starport  
  25  2:40  Hellion  
  25  2:42  SCV  
  28  2:48  Supply Depot  
  28  2:50  Barracks Reactor  
  28  2:54  SCV  
  29  3:02  Widow Mine  
  31  3:10  SCV  
  31  3:11  Medivac  
  34  3:22  SCV  
  34  3:23  Cyclone  
  34  3:27  Marine x2  
  39  3:35  Orbital Command  
  39  3:36  SCV  
  40  3:42  Starport Tech Lab  
  40  3:44  Refinery  
  40  3:45  Marine x2  
  40  3:48  SCV  
  43  3:56  Supply Depot, Factory Tech Lab  
  43  4:02  Raven  
  45  4:03  SCV, Marine x2  
  45  4:04  SCV  
  49  4:16  SCV x2  
  50  4:24  Marine  
  47  4:28  SCV x2  
  40  4:35  Cyclone  
  41  4:40  SCV x2  
  41  4:45  Raven  
  45  4:50  Marine x2  
  45  4:52  SCV x2  
  48  4:59  Interference Matrix  
  48  5:04  SCV x2  
  50  5:08  Siege Tank  
  53  5:16  SCV x2  
  53  5:19  Supply Depot, Raven  
  57  5:21  Marine x2  
  59  5:28  SCV x2, Refinery  
  59  5:32  Starport  
  61  5:37  Supply Depot  
  61  5:40  SCV x2  
  61  5:42  Siege Tank  
  66  5:52  SCV  
  66  5:53  SCV  
  66  5:55  Supply Depot  
  68  6:02  Viking  
  68  6:03  Viking  
  72  6:05  Supply Depot, SCV  
  72  6:06  SCV  
  72  6:09  Viking  
  76  6:13  Marine  
  76  6:16  Supply Depot  
  77  6:19  Siege Tank  
  79  6:41  Viking  
  79  6:44  Viking  
  83  6:48  Command Center  
  83  6:51  Siege Tank  
  86  6:55  SCV  
  86  6:56  SCV  
  86  6:58  Supply Depot  
  86  7:00  Liberator  
  91  7:11  Viking  
  91  7:14  Viking  
  95  7:19  SCV  
  95  7:22  SCV  
  97  7:31  SCV  
  90  7:38  Marine  
  90  7:41  Viking  
  90  7:43  Viking  
  90  7:44  SCV, Viking  
  94  7:52  SCV  
  94  7:55  Siege Tank, Marine  
  94  7:56  SCV  
  100  8:05  Orbital Command, SCV  
  99  8:15  SCV  
Tags
 
Add a new tag
Caveats
  • Supply blocks, unpowered buildings, or Contaminate may cause inaccurate times.
  • Supply counts are checked every 10 seconds.